 Dungeon Crawl Stone Soup version 0.26-a0-519-gb2f46efeda (webtiles) character file.

Game seed: 7329817967086497403

98940 KristoblXynda the Martial Artist (level 15, -7/132 HPs)
             Began as a Red Draconian Monk on Aug 11, 2020.
             Was the Champion of Cheibriados.
             Mangled by a sixfirhy (8 damage)
             ... summoned by an orc sorcerer
             ... led by Saint Roka
             ... on level 2 of the Orcish Mines.
             The game lasted 00:47:19 (28003 turns).

KristoblXynda the Martial Artist (DrMo)            Turns: 28003, Time: 00:47:20

Health: -7/132     AC: 11    Str: 29    XL:     15   Next: 76%
Magic:  22/22      EV: 31    Int: 30    God:    Cheibriados [******]
Gold:   2396       SH:  9    Dex: 30    Spells: 12/24 levels left

rFire    . . .     SeeInvis .     - Unarmed
rCold    . . .     Faith    .   w - +0 buckler
rNeg     . . .     Spirit   .   (armour unavailable)
rPois    +         Reflect  .   v - +2 hat
rElec    .         Harm     .   K - +2 cloak {MR+}
rCorr    .                      O - +1 pair of gloves
MR       +++..                  A - +2 pair of boots
Stlth    +++++.....             M - amulet "Lakhle" {Acrobat *Corrode rPois rF- Slay+6}
HPRegen  0.32/turn              S - ring "Cah Kuut" {rPois Slay+4 Stlth+}
MPRegen  0.18/turn              E - +4 ring of evasion

@: short of breath, corroded, flying, very slightly contaminated, studying
Shields, very slow
A: breathe fire, unfitting armour, big wings, fire resistance 1, magic
resistance 1, no potion heal 1, cold-blooded, AC +9
a: Breathe Fire, Stop Flying, Bend Time, Temporal Distortion, Slouch, Step From
Time, Renounce Religion


You were on level 2 of the Orcish Mines.
You worshipped Cheibriados.
Cheibriados was exalted by your worship.
You visited 4 branches of the dungeon, and saw 24 of its levels.
You visited the Abyss 1 time.
You also visited: Ossuary.

You collected 2396 gold pieces.

Inventory:

Hand Weapons
 a - the +9 lance "Wyrmbane" {slay drac, rPois rF+ rC+ AC+3}
   (You took it off Maggie on level 1 of the Lair of Beasts)

   It affects your AC (+3).
   It protects you from fire.
   It protects you from cold.
   It protects you from poison.
Missiles
 i - 9 throwing nets (quivered)
Armour
 v - a +2 hat (worn)
 w - a +0 buckler (worn)
 A - a +2 pair of boots (worn)
 K - a +2 cloak of magic resistance (worn)
 O - a +1 pair of gloves (worn)
Jewellery
 o - an uncursed ring of stealth
 q - an uncursed ring of flight
 E - a +4 ring of evasion (right hand)
 G - the ring of Xom's Amusement {rN+ Int+4}
   (You acquired it on level 10 of the Dungeon)

   [ring of positive energy]

   It affects your intelligence (+4).
   It protects you from negative energy.
 M - the amulet "Lakhle" (around neck) {Acrobat *Corrode rPois rF- Slay+6}
   (You found it on level 9 of the Dungeon)

   [amulet of the acrobat]

   It helps you evade while moving and waiting.
   It affects your accuracy and damage with ranged weapons and melee attacks
   (+6).
   It makes you vulnerable to fire.
   It protects you from poison.
   It may corrode you when you take damage.
 S - the ring "Cah Kuut" (left hand) {rPois Slay+4 Stlth+}
   (You found it on level 14 of the Dungeon)

   [ring of slaying]

   It affects your accuracy and damage with ranged weapons and melee attacks
   (+4).
   It protects you from poison.
   It makes you more stealthy.
Wands
 u - a wand of acid (9)
 z - a wand of iceblast (30)
 H - a wand of digging (4)
 I - a wand of disintegration (28)
 J - a wand of paralysis (27)
Scrolls
 e - 2 scrolls of blinking
 h - 5 scrolls of fear
 j - 22 scrolls of remove curse
 m - a scroll of fog
 r - 2 scrolls of summoning
 s - a scroll of silence
 t - 3 scrolls of magic mapping
 y - 8 scrolls of teleportation
 B - 4 scrolls of enchant armour
 C - 5 scrolls of amnesia
 T - a scroll of identify
Potions
 b - a potion of mutation
 c - 3 potions of stabbing
 d - 5 potions of might
 f - 11 potions of curing
 g - 4 potions of heal wounds
 k - 5 potions of magic
 l - 3 potions of invisibility
 n - 2 potions of lignification
 p - 4 potions of resistance
 x - 3 potions of cancellation
 D - 4 potions of brilliance
 L - 5 potions of flight
 Q - 2 potions of ambrosia
Books
 R - a manual of Shields
Miscellaneous
 F - a phantom mirror
 N - a lightning rod (4/4)
 P - a condenser vane (2/2)


   Skills:
 - Level 12.0 Fighting
 + Level 13.1 Dodging
 - Level 5.4 Stealth
 + Level 12.8 Shields
 + Level 14.6 Unarmed Combat
 - Level 5.0 Spellcasting
 + Level 6.7 Conjurations
 - Level 10.0 Invocations
 - Level 5.0 Evocations


You had 12 spell levels left.
You knew the following spells:

 Your Spells              Type           Power        Failure   Level
a - Sticky Flame          Conj/Fire      ####....     14%         4
b - Mephitic Cloud        Conj/Pois/Air  ###.....     7%          3
c - Blade Hands           Tmut           #.........   85%         5

Your spell library contained the following spells:

 Spells                   Type           Power        Failure   Level
 Foxfire                  Conj/Fire      ####         1%          1
 Conjure Flame            Conj/Fire      ####....     4%          3
 Beastly Appendage        Tmut           #.....       6%          1
 Sting                    Tmut/Pois      #...         6%          1
 Summon Small Mammal      Summ           #...         6%          1
 Call Imp                 Summ           #.......     9%          2
 Corpse Rot               Necr/Air       N/A          9%          2
 Poisonous Vapours        Pois/Air       #.....       9%          2
 Sublimation of Blood     Necr           #.........   9%          2
 Wereblood                Tmut           #.......     9%          2
 Iskenderun's Battlesphe  Conj           #####...     10%         5
 Call Canine Familiar     Summ           #.......     17%         3
 Ignite Poison            Fire/Tmut/Pois #.......     17%         3
 Inner Flame              Hex/Fire       #.......     17%         3
 Spider Form              Tmut/Pois      #.........   17%         3
 Summon Guardian Golem    Hex/Summ       #.......     17%         3
 Fireball                 Conj/Fire      ####......   38%         5
 Dispel Undead            Necr           #.......     50%         4
 Ice Form                 Ice/Tmut       #.......     50%         4
 Olgreb's Toxic Radiance  Pois           #.......     50%         4
 Summon Ice Beast         Ice/Summ       #.......     50%         4
 Summon Lightning Spire   Summ/Air       #.......     50%         4
 Bolt of Magma            Conj/Fire/Erth ###.......   54%         5
 Agony                    Necr           #.......     85%         5
 Excruciating Wounds      Necr           #.........   85%         5
 Iron Shot                Conj/Erth      ####......   92%         6
 Orb of Destruction       Conj           #####.....   97%         7
 Spellforged Servitor     Conj/Summ      ####......   100%        7


Dungeon Overview and Level Annotations

Branches:
Dungeon (15/15)            Temple (1/1) D:6            Lair (6/6) D:8
 Shoals (0/4) Lair:2       Spider (0/4) Lair:4        Slime (0/5) Lair:5
    Orc (2/2) D:10            Elf (0/3) Orc:2        Vaults (0/5) D:14
 Depths (0/5) D:15        Ossuary (visited)

Altars:
Ashenzari
Cheibriados
Dithmenos
Elyvilon
Fedhas
Gozag
Hepliaklqana
Kikubaaqudgha
Makhleb
Nemelex Xobeh
Okawaru
Qazlal
Ru
Sif Muna
Trog
Uskayaw
Vehumet
Wu Jian
Xom
Yredelemnul
Zin
The Shining One
Beogh
Jiyva

Shops:
D:8 [


Innate Abilities, Weirdness & Mutations

You can breathe blasts of fire.
Your fiery red scales are hard. (AC +9)
You cannot fit into any form of body armour.
Your flesh is heat resistant. (rF+)
You are cold-blooded and may be slowed by cold attacks.
Your large and strong wings let you fly indefinitely.
You are resistant to hostile enchantments. (MR+)
Potions are less effective at restoring your health.


Message History

The sixfirhy is heavily wounded.
The ynoxinul disappears in a puff of smoke!
The ufetubus disappears in a puff of smoke! x2
The sixfirhy completely misses you. You block the sixfirhy's attack.
You punch the sixfirhy!
You tail-slap the sixfirhy, but do no damage.
The sixfirhy is heavily wounded.
The sixfirhy hits you.
* * * LOW HITPOINT WARNING * * *
The sixfirhy shocks you!
* * * LOW HITPOINT WARNING * * *
The sixfirhy completely misses you. x2
You miss the sixfirhy.
Your tail-slap misses the sixfirhy.
The sixfirhy is heavily wounded.
The sixfirhy hits you.
* * * LOW HITPOINT WARNING * * *
The sixfirhy shocks you!
* * * LOW HITPOINT WARNING * * *
The sixfirhy hits you!
You die...

#.# ##.# ###### ###..## ....##
#.#...# ####....##
##.....#######.#......## #
###..........##.4§o...4..## #.
#.<.............§§.o§)o...#
...##............3....##3)o....#
#.........####..@3...###3.......
#...#.....###))......# ###......
...........#.........# ......
#..####...##).).##....... .....#
##...#...###.#..... ...##
#......## ###...... ..##
#......## .##.... ##......# #
#...## ##.......# #.....###


You could see an orange demon (summoned), 2 sixfirhies and an orc.

Vanquished Creatures
  Saint Roka (Orc:2)
  Rupert (Lair:5)
  Agnes (D:14)
  The ghost of Kaitenol the Eclecticist, a journeyman DECj of Vehumet (Orc:1)
  The ghost of Gassoqo the Basher, a journeyman GrGl of Okawaru (Lair:5)
  Snorg (Lair:6)
  8 slime creatures
  A fire dragon (Lair:6)
  Josephine (D:14)
  A rakshasa (D:15)
  Harold (D:11)
  13 hydras
  A catoblepas (Lair:4)
  6 centaur warriors
  4 two-headed ogres
  Erica (D:8)
  2 dancing weapons (D:14)
  7 death yaks
  The ghost of astraldaughter the Slicer, a journeyman KoWn of Dithmenos (D:9)
  A death knight (D:14)
  An ogre mage (D:15)
  An orc high priest (Orc:2)
  An unseen horror (D:13)
  2 skeletal warriors (D:15)
  A phantasmal warrior (D:15)
  A necromancer (D:15)
  A lindwurm (Lair:6)
  A stone giant zombie (D:15)
  An orc knight (Orc:1)
  A cyclops (Orc:1)
  10 ugly things
  3 oklob plants (Lair:1)
  A wolf spider (D:14)
  A fire giant skeleton (D:15)
  A manticore (D:14)
  Maurice (D:8)
  A fire giant zombie (D:15)
  A torpor snail (Lair:3)
  2 molten gargoyles (Lair:6)
  5 black mambas
  8 cane toads
  Maggie (Lair:1)
  A redback zombie (D:15)
  3 kobold demonologists
  9 komodo dragons
  7 trolls
  2 polar bears
  2 hornets
  Grinder (D:6)
  Prince Ribbit (D:9)
  12 blink frogs
  11 hippogriffs
  14 dream sheep (Lair:5)
  Sigmund (D:5)
  A shadow (D:9)
  A fire dragon skeleton (D:15)
  6 wraiths
  36 yaks
  4 wyverns
  Grum (Lair:1)
  6 basilisks
  4 steam dragons
  2 chaos spawn (Abyss:1)
  8 vampire mosquitoes
  6 wargs
  3 hell hounds (Lair:6)
  6 porcupines
  12 water moccasins
  18 orc warriors
  5 sky beasts
  A black bear (D:6)
  6 phantoms
  3 ice beasts
  19 ogres
  2 eyes of draining
  19 wolves
  16 centaurs
  9 crocodiles
  12 big kobolds
  16 bullfrogs
  A wyvern zombie (D:14)
  A hornet simulacrum (D:14)
  10 scorpions
  24 wights
  8 killer bees
  3 electric eels
  4 howler monkeys
  5 lava snakes (Lair:6)
  2 bullfrog zombies
  6 centaur zombies
  11 hounds
  A quasit (D:11)
  A human zombie (Ossuary)
  5 jellies
  Crazy Yiuf (D:6)
  2 bullfrog skeletons
  A gnoll shaman (D:8)
  12 orc priests
  26 orc wizards
  11 centaur skeletons
  5 iguanas
  4 hell rats (Lair:4)
  10 worker ants
  A killer bee zombie (D:7)
  3 big kobold zombies (Ossuary)
  2 hound zombies
  4 mummies
  A worker ant zombie (D:11)
  A howler monkey skeleton (D:7)
  12 gnolls
  3 scorpion zombies (Ossuary)
  18 adders
  5 white imps
  4 ufetubi
  2 adder skeletons
  2 worms
  2 dart slugs (D:1)
  5 leopard geckos
  91 orcs
  2 ball pythons
  9 bats
  4 giant cockroaches
  2 gnoll zombies (Ossuary)
  8 hobgoblins
  14 jackals
  21 kobolds
  4 quokkas
  5 frilled lizards (D:1)
  5 goblins
  4 goblin zombies
  A hobgoblin zombie (Ossuary)
  A jackal skeleton (D:6)
  3 kobold zombies (Ossuary)
  A leopard gecko skeleton (D:4)
  2 leopard gecko zombies
  3 orc zombies
  7 rats
792 creatures vanquished.

Vanquished Creatures (others)
  A hell hound (Lair:6)
  An orc wizard (D:7)
  6 fungi
  2 plants
  7 withered plants (D:15)
17 creatures vanquished.

Grand Total: 809 creatures vanquished

Notes
Turn   | Place    | Note
-------+----------+-------------------------------------------
     0 | D:1      | KristoblXynda the Draconian Monk began the quest for the
                  | Orb.
     0 | D:1      | Reached XP level 1. HP: 19/19 MP: 1/1
   103 | D:1      | Reached XP level 2. HP: 4/26 MP: 2/2
  1020 | D:1      | Reached XP level 3. HP: 33/33 MP: 3/3
  2276 | D:2      | Reached XP level 4. HP: 35/40 MP: 4/4
  2862 | D:3      | Gained mutation: Your magical capacity is low. (-10% MP)
                  | [potion of mutation]
  2862 | D:3      | Gained mutation: Your system is resistant to poisons.
                  | (rPois) [potion of mutation]
  2862 | D:3      | Gained mutation: Your tail ends in a poisonous barb.
                  | [potion of mutation]
  3098 | D:3      | Noticed a hippogriff
  3120 | D:3      | Killed a hippogriff
  3120 | D:3      | Reached skill level 5 in Fighting
  3120 | D:3      | Reached skill level 4 in Unarmed Combat
  3120 | D:3      | Reached XP level 5. HP: 16/48 MP: 4/4
  3120 | D:3      | Reached XP level 6. HP: 19/56 MP: 5/5
  3454 | D:3      | Found a stormy altar of Qazlal.
  3458 | D:3      | Noticed an air elemental
  3461 | D:3      | Noticed a fire elemental
  3461 | D:3      | Noticed a water elemental
  4132 | D:4      | Reached skill level 5 in Unarmed Combat
  4605 | D:5      | Entered Level 5 of the Dungeon
  4631 | D:5      | Noticed a sky beast
  4665 | D:5      | Killed a sky beast
  4665 | D:5      | Your scales start taking on a fiery red colour.
  4665 | D:5      | Reached XP level 7. HP: 33/62 MP: 6/6
  4665 | D:5      | Gained mutation: Your flesh is heat resistant. (rF+) [Red
                  | Draconian growth]
  4832 | D:5      | Reached skill level 5 in Dodging
  5094 | D:5      | Noticed Sigmund
  5099 | D:5      | Killed Sigmund
  5119 | D:5      | Reached skill level 6 in Unarmed Combat
  5265 | D:5      | Reached XP level 8. HP: 39/71 MP: 7/7
  5292 | D:5      | Found a sand-covered staircase.
  5301 | Ossuary  | Entered an ossuary
  6029 | Ossuary  | Reached skill level 1 in Evocations
  6585 | D:5      | Found a burning altar of Makhleb.
  6715 | D:5      | Reached skill level 7 in Unarmed Combat
  7270 | D:6      | Noticed Grinder
  7271 | D:6      | Paralysed by Grinder for 7 turns
  7280 | D:6      | Paralysed by Grinder for 2 turns
  7284 | D:6      | Paralysed by Grinder for 4 turns
  7286 | D:6      | Killed Grinder
  7286 | D:6      | Reached XP level 9. HP: 69/81 MP: 8/8
  7740 | D:6      | Found a staircase to the Ecumenical Temple.
  8208 | D:6      | Found a runed translucent door.
  8209 | D:6      | Noticed Crazy Yiuf
  8216 | D:6      | Killed Crazy Yiuf
  8818 | D:7      | Reached skill level 8 in Unarmed Combat
  8988 | Temple   | Entered the Ecumenical Temple
  9153 | Temple   | Became a worshipper of Cheibriados the Contemplative
  9153 | Temple   | Reached * piety under Cheibriados
  9153 | Temple   | Reached ** piety under Cheibriados
  9268 | D:7      | Found an iron altar of Okawaru.
  9306 | D:7      | Cast into level 1 of the Abyss (orc)
  9398 | Abyss:1  | Noticed a smoke demon
  9543 | Abyss:1  | Reached XP level 10. HP: 83/91 MP: 9/9
  9565 | Abyss:1  | Reached skill level 5 in Evocations
  9566 | Abyss:1  | Noticed an ancient lich
  9612 | D:7      | Escaped the Abyss
  9627 | D:7      | Found a white marble altar of Elyvilon.
 10054 | D:7      | Reached skill level 1 in Invocations
 10234 | D:8      | Noticed Erica
 10241 | D:8      | Killed Erica
 10241 | D:8      | Reached skill level 1 in Shields
 10360 | D:8      | Found a staircase to the Lair.
 10380 | D:8      | Reached *** piety under Cheibriados
 10778 | D:8      | Reached skill level 9 in Unarmed Combat
 11038 | D:8      | Reached **** piety under Cheibriados
 11128 | D:8      | Found a sacrificial altar of Ru.
 11266 | D:8      | Noticed Maurice
 11280 | D:8      | Killed Maurice
 11327 | D:8      | Found Nodiger's Antique Armour Shop.
 12143 | D:9      | Reached XP level 11. HP: 97/97 MP: 13/13
 12221 | D:9      | Got a glittering platinum amulet
 12407 | D:9      | Reached ***** piety under Cheibriados
 12519 | D:9      | Noticed Prince Ribbit
 12547 | D:9      | Killed Prince Ribbit
 12615 | D:9      | Noticed a centaur warrior
 12630 | D:9      | Killed a centaur warrior
 12630 | D:9      | Reached skill level 5 in Invocations
 13012 | D:9      | Found a runed translucent gate.
 13012 | D:9      | Found a runed translucent gate.
 13012 | D:9      | Found a runed translucent gate.
 13012 | D:9      | Noticed astraldaughter's ghost (journeyman KoWn)
 13334 | D:9      | Noticed a sun demon
 13338 | D:9      | Killed astraldaughter's ghost
 13354 | D:9      | Reached skill level 10 in Unarmed Combat
 13426 | D:9      | Identified the amulet "Lakhle" {Acrobat *Corrode rPois rF-
                  | Slay+6} (You found it on level 9 of the Dungeon)
 13538 | D:10     | Entered Level 10 of the Dungeon
 14071 | D:10     | Found a staircase to the Orcish Mines.
 14081 | D:10     | Found a roughly hewn altar of Beogh.
 14375 | D:11     | Identified the +7 falchion "Simohugiy" {flame, Str+6}
 14440 | D:11     | Reached ****** piety under Cheibriados
 14569 | D:11     | Noticed a five-headed hydra
 14576 | D:11     | Noticed a white ugly thing
 14577 | D:11     | Killed a five-headed hydra
 14577 | D:11     | Reached skill level 5 in Stealth
 14582 | D:11     | Noticed a green ugly thing
 14589 | D:11     | Killed a white ugly thing
 14595 | D:11     | Killed a green ugly thing
 14619 | D:11     | Noticed a two-headed ogre
 14626 | D:11     | Killed a two-headed ogre
 14626 | D:11     | Reached XP level 12. HP: 79/104 MP: 15/15
 14671 | D:11     | Reached skill level 10 in Dodging
 14862 | D:11     | Noticed Harold
 14870 | D:11     | Killed Harold
 15159 | D:11     | Reached skill level 11 in Unarmed Combat
 15611 | D:12     | Paralysed by a hornet for 2 turns
 15854 | D:12     | Reached skill level 10 in Fighting
 15860 | D:12     | Noticed a two-headed ogre
 15867 | D:12     | Killed a two-headed ogre
 16888 | D:14     | Got a scintillating jade ring
 16890 | D:14     | Identified the ring "Cah Kuut" {rPois Slay+4 Stlth+} (You
                  | found it on level 14 of the Dungeon)
 16963 | D:14     | Noticed Agnes
 16973 | D:14     | Killed Agnes
 16975 | D:14     | Reached XP level 13. HP: 65/114 MP: 16/18
 16999 | D:14     | Reached skill level 12 in Unarmed Combat
 17442 | D:14     | Reached skill level 10 in Invocations
 17774 | D:14     | Reached skill level 1 in Spellcasting
 17804 | D:14     | Found a gate to the Vaults.
 17825 | D:14     | Noticed Josephine
 17829 | D:14     | Reached skill level 5 in Shields
 17834 | D:14     | Killed Josephine
 18348 | D:15     | Entered Level 15 of the Dungeon
 18370 | D:15     | Found a staircase to the Depths.
 18559 | D:15     | Found a snail-covered altar of Cheibriados.
 18732 | D:15     | Learned a level 4 spell: Sticky Flame
 18828 | D:15     | Reached XP level 14. HP: 95/124 MP: 15/19
 19142 | D:15     | HP: 4/124 [skeletal warrior/+2 halberd of protection (19)]
 19595 | D:15     | Reached skill level 13 in Unarmed Combat
 20126 | Lair:1   | Entered Level 1 of the Lair of Beasts
 20143 | Lair:1   | Identified a scroll of acquirement
 20143 | Lair:1   | Acquired the amulet of Light {RegenMP Dex+4}
 20310 | Lair:1   | Noticed Maggie
 20319 | Lair:1   | Killed Maggie
 20329 | Lair:1   | Noticed Grum
 20354 | Lair:1   | Killed Grum
 20844 | Lair:1   | Reached skill level 5 in Spellcasting
 20926 | Lair:2   | Reached skill level 1 in Conjurations
 21134 | Lair:2   | Found a staircase to the Shoals.
 22051 | Lair:3   | Reached skill level 10 in Shields
 22119 | Lair:3   | Lost mutation: Your magical capacity is low. (-10% MP)
                  | [potion of mutation]
 22119 | Lair:3   | Lost mutation: Your tail ends in a poisonous barb. [potion
                  | of mutation]
 22119 | Lair:3   | Gained mutation: Your spells are a little easier to cast,
                  | but a little less powerful. [potion of mutation]
 22119 | Lair:3   | Gained mutation: Potions are less effective at restoring
                  | your health. [potion of mutation]
 22119 | Lair:3   | Gained mutation: Your body sometimes deteriorates upon
                  | taking damage. [potion of mutation]
 22119 | Lair:3   | Gained mutation: You have supernaturally acute eyesight.
                  | (SInv) [potion of mutation]
 22120 | Lair:3   | Lost mutation: Your body sometimes deteriorates upon taking
                  | damage. [potion of mutation]
 22120 | Lair:3   | Lost mutation: Your spells are a little easier to cast, but
                  | a little less powerful. [potion of mutation]
 22120 | Lair:3   | Lost mutation: Your system is resistant to poisons. (rPois)
                  | [potion of mutation]
 22120 | Lair:3   | Lost mutation: You have supernaturally acute eyesight.
                  | (SInv) [potion of mutation]
 22120 | Lair:3   | Gained mutation: Your mind is acute. (Int +2) [potion of
                  | mutation]
 22121 | Lair:3   | Lost mutation: Your mind is acute. (Int +2) [potion of
                  | mutation]
 22121 | Lair:3   | Lost mutation: Potions are less effective at restoring your
                  | health. [potion of mutation]
 22121 | Lair:3   | Gained mutation: You are resistant to hostile enchantments.
                  | (MR+) [potion of mutation]
 22121 | Lair:3   | Gained mutation: Potions are less effective at restoring
                  | your health. [potion of mutation]
 22121 | Lair:3   | Gained mutation: Your large and strong wings let you fly
                  | indefinitely. [potion of mutation]
 22754 | Lair:3   | Found a runed translucent door.
 23812 | Lair:4   | Found a hole to the Spider Nest.
 24309 | Lair:5   | Learned a level 3 spell: Mephitic Cloud
 24335 | Lair:5   | Reached XP level 15. HP: 130/130 MP: 22/22
 24406 | Lair:5   | Found a runed translucent door.
 24411 | Lair:5   | Noticed Gassoqo's ghost (journeyman GrGl)
 24432 | Lair:5   | Noticed Rupert
 24449 | Lair:5   | Killed Rupert
 24668 | Lair:5   | Reached skill level 14 in Unarmed Combat
 24832 | Lair:5   | Found a viscous altar of Jiyva.
 24832 | Lair:5   | Found a staircase to the Slime Pits.
 24860 | Lair:5   | Reached skill level 5 in Conjurations
 25409 | Lair:5   | Killed Gassoqo's ghost
 25418 | Lair:6   | Entered Level 6 of the Lair of Beasts
 25583 | Lair:6   | Noticed Snorg
 25591 | Lair:6   | Killed Snorg
 26091 | Lair:6   | Found a large runed translucent door.
 26091 | Lair:6   | Found a large runed translucent door.
 26812 | Lair:6   | Learned a level 5 spell: Blade Hands
 27014 | Orc:1    | Entered Level 1 of the Orcish Mines
 27018 | D:10     | Acquired the ring of Xom's Amusement {rN+ Int+4}
 27162 | Orc:1    | Noticed Kaitenol's ghost (journeyman DECj)
 27178 | Orc:1    | Found a runed translucent gate.
 27178 | Orc:1    | Found a runed translucent gate.
 27180 | Orc:1    | Found a runed translucent gate.
 27489 | Orc:1    | Killed Kaitenol's ghost
 27539 | Orc:2    | Entered Level 2 of the Orcish Mines
 27840 | Orc:2    | Found a staircase to the Elven Halls.
 27976 | Orc:2    | Noticed Saint Roka
 27993 | Orc:2    | Killed Saint Roka
 28003 | Orc:2    | HP: 1/132 [sixfirhy[Saint Roka] (9)]
 28003 | Orc:2    | Mangled by a sixfirhy

Illustrated notes

Levels and vault maps discovered:
D:1:      minmay_arrival_loop, layout_basic, grunt_decor_resistance,
          minmay_tromino_i4
D:2:      layout_basic, serial_forest, infiniplex_forest_end_2,
          infiniplex_forest_clump_curved, infiniplex_forest_straight_2,
          infiniplex_forest_clump_tiny, infiniplex_forest_clump_long,
          infiniplex_forest_end_2, infiniplex_forest_straight_4,
          infiniplex_forest_clump_long
D:3:      layout_basic, nicolae_qazlal_style_of_elements
D:4:      layout_rooms
D:5:      layout_layer_cave, nicolae_ossuary_entry_giza,
          makhleb_heckhound_becter, uniq_sigmund
D:6:      layout_loops_corners, minmay_temple_entry_from_below_a,
          kennysheep_cross_room, nrook_mini_backslash, serial_bayou_crossing,
          uniq_crazy_yiuf_cottage, uniq_grinder
D:7:      layout_basic, kennysheep_mini_moat, okawaru_gym_becter
D:8:      layout_basic, erik_lair_orcish_takeover, serial_shops,
          nicolae_shop_stone, nicolae_ru_great_annihilating_truth, uniq_erica,
          uniq_maurice
D:9:      layout_basic, gammafunk_ghost_nasty_kobolds, uniq_prince_ribbit1
D:10:     layout_stronghold, minmay_orc_entry_temple_small
D:11:     layout_small_grid, uniq_harold
D:12:     layout_roguey
D:13:     layout_roguey, roderic_cross_of_infinity
D:14:     layout_irregular_city, erik_vaults_1, nicolae_two_hexagons,
          minmay_pinched_square, uniq_agnes, uniq_josephine
D:15:     gammafunk_depths_entry_grave, layout_rooms, old_standard_altar
Temple:   kilobyte_greek_temple
Lair:1:   layout_hall_layers, grunt_megastairs_3, infiniplex_staircase_pool_2,
          minmay_lair_oklob_chamber, uniq_maggie, uniq_grum
Lair:2:   layout_chaotic_city, elwin_shoals_entry_rocks, serial_bayou_pond_d,
          serial_bayou_pond_b, lemuel_old_faithful
Lair:3:   layout_regular_city, pf_torpor_hydra
Lair:4:   layout_cave_pods, spider_nest_entry_webs
Lair:5:   layout_cellular_growth, slime_altar_1, ebering_ghost_reflecting_pool,
          grunt_megastairs_1, lemuel_fruit_tree, uniq_rupert
Lair:6:   cheibrodos_lair_end_hotspot, layout_regular_city, uniq_snorg
Orc:1:    layout_caves, gammafunk_ghost_split
Orc:2:    st_orc_congregation, layout_diamond_mine, nicolae_orc_lava_room,
          uniq_saint_roka

Skill      XL: |  1  2  3  4  5  6  7  8  9 10 11 12 13 14 15 |
---------------+----------------------------------------------+-----
Dodging        | 3 4 5 6 7 8 9 10 11 12 13 | 13.1
Fighting       | 4 5 6 7 9 10 11 12 | 12.0
Unarmed Combat | 4 5 6 7 8 9 10 11 12 13 14 | 14.6
Evocations     | 2 4 5 |  5.0
Stealth        | 2 5 |  5.4
Invocations    | 4 7 9 10 | 10.0
Shields        | 4 7 10 12 | 12.8
Spellcasting   | 3 5 |  5.0
Conjurations   | 4 6 |  6.7

Action                   |  1- 3 |  4- 6 |  7- 9 | 10-12 | 13-15 || total
-------------------------+-------+-------+-------+-------+-------++-------
Melee: Unarmed           |   169 |   224 |   559 |   796 |   958 ||  2706
       Tailslap          |    12 |    32 |    96 |   194 |   296 ||   630
       Punch             |     2 |     5 |    17 |    25 |       ||    49
 Abil: Breathe Fire      |       |       |    17 |    17 |    13 ||    47
       Fly               |       |       |       |       |     1 ||     1
  Use: Scroll            |       |     7 |     4 |    15 |    16 ||    42
       Potion            |       |     2 |       |       |     6 ||     8
 Stab: Sleeping          |     1 |     5 |     9 |    12 |    30 ||    57
       Invisible         |       |       |       |     1 |       ||     1
       Paralysed         |       |       |       |     1 |       ||     1
       Distracted        |       |       |       |       |     4 ||     4
Armor: Skin              |    56 |    78 |   118 |   135 |   126 ||   513
Dodge: Dodged            |   122 |   151 |   416 |   818 |  1036 ||  2543
Block: Buckler           |       |       |       |   149 |   441 ||   590

Table legend: (Time is in decaauts)
 A = Elapsed time spent in this place.
 B = Non-inter-level travel time spent in this place.
 C = Inter-level travel time spent in this place.
 D = Time resting spent in this place.
 E = Time spent auto-exploring this place.
 F = Levels seen in this place.
 G = Mean time per level.
                   A        B        C        D        E       F      G
               +--------+--------+--------+--------+--------+-----+--------+
         Total |  37710 |  36061 |   1649 |   6494 |  21619 |  26 | 1450.4 |
       Dungeon |  23283 |  22379 |    904 |   4572 |  12609 |  15 | 1552.2 |
        Temple |    215 |    171 |     44 |      0 |    151 |   1 |  215.0 |
          Lair |  11213 |  10565 |    648 |   1027 |   7697 |   6 | 1868.8 |
  Orcish Mines |   1604 |   1552 |     52 |     80 |   1077 |   2 |  802.0 |
         Abyss |    346 |    346 |      0 |    209 |      0 |   1 |  346.0 |
       Ossuary |   1047 |   1047 |      0 |    606 |     84 |   1 | 1047.0 |
               +--------+--------+--------+--------+--------+-----+--------+

Top non-repeatable levels by time:
     D:9: 2667 daAuts
  Lair:6: 2440 daAuts
    D:14: 2226 daAuts
  Lair:4: 2119 daAuts
     D:8: 2108 daAuts
    D:15: 2031 daAuts
  Lair:3: 1932 daAuts
     D:1: 1916 daAuts
  Lair:5: 1845 daAuts
     D:6: 1770 daAuts
  Lair:2: 1558 daAuts
    D:10: 1532 daAuts
    D:12: 1389 daAuts
     D:5: 1360 daAuts
    D:11: 1346 daAuts
